[Event "ICCopen2016"]
[Site "Internet Chess Club"]
[Date "2016.06.03"]
[Round "7"]
[White "ROWLAND"]
[Black "discdude"]
[Result "1-0"]
[ICCResult "Black checkmated"]
[WhiteElo "1583"]
[BlackElo "1455"]
[Opening "French: Tarrasch"]
[ECO "C03"]
[NIC "FR.07"]
[Time "20:07:06"]
[TimeControl "180+0"]

1. e4 e6 2. d4 d5 3. Nd2 dxe4 4. Nxe4 Be7 5. Nf3 Nf6 6. Bd3 b6 7. O-O Bb7 8.
Qe2 O-O 9. Re1 Nbd7 10. Bg5 Re8 11. Bxf6 Nxf6 12. Nxf6+ Bxf6 13. c3 Be7 14.
Rad1 Qc8 15. Ne5 c5 16. dxc5 Bxc5 17. Kh1 a5 18. Qh5 g6 19. Nxg6 hxg6 20.
Bxg6 fxg6 21. Qxg6+ Kh8 22. Re5 Re7 23. Rh5+ Rh7 24. Qxh7# {Black
checkmated} 1-0

[Event "ICCopen2016"]
[Site "Internet Chess Club"]
[Date "2016.06.03"]
[Round "7"]
[White "GreyWarden"]
[Black "Ira57"]
[Result "1-0"]
[ICCResult "Black resigns"]
[WhiteElo "1982"]
[BlackElo "1675"]
[Opening "Sicilian: Najdorf, Byrne (English) attack"]
[ECO "B90"]
[NIC "SI.14"]
[Time "20:05:54"]
[TimeControl "180+0"]

1. e4 c5 2. Nf3 d6 3. d4 cxd4 4. Nxd4 Nf6 5. Nc3 a6 6. Be3 e5 7. Nb3 Be6 8.
f3 h5 9. Qd2 Nbd7 10. O-O-O Rc8 11. Nd5 Bxd5 12. exd5 Nb6 13. Bxb6 Qxb6 14.
Kb1 Be7 15. Bd3 Qc7 16. Bf5 Rb8 17. f4 exf4 18. Qxf4 O-O 19. Rhe1 Rfe8 20.
Re3 b5 21. Rg3 Kf8 22. Qg5 g6 23. Qh6+ Kg8 24. Bxg6 Bf8 25. Bxh5+
{Black resigns}
1-0

[Event "ICCopen2016"]
[Site "Internet Chess Club"]
[Date "2016.06.03"]
[Round "7"]
[White "Alright2015"]
[Black "Schack"]
[Result "1-0"]
[ICCResult "Black resigns"]
[WhiteElo "2031"]
[BlackElo "1664"]
[Opening "Pirc: classical (two knights) system"]
[ECO "A48"]
[NIC "PU.10"]
[Time "20:06:28"]
[TimeControl "180+0"]

1. d4 Nf6 2. Nf3 g6 3. Nc3 Bg7 4. e4 d6 5. Be3 O-O 6. Qd2 Ng4 7. Bg5 h6 8.
h3 hxg5 9. hxg4 f6 10. Bc4+ e6 11. e5 d5 12. Bd3 f5 13. Nxg5 Nc6 14. Ne2 f4
15. Nf3 g5 16. Bh7+ Kf7 17. Qd3 Ne7 18. Nxg5+ {Black resigns} 1-0

[Event "ICCopen2016"]
[Site "Internet Chess Club"]
[Date "2016.06.03"]
[Round "7"]
[White "huntos"]
[Black "Taechess"]
[Result "1-0"]
[ICCResult "Black resigns"]
[WhiteElo "1594"]
[BlackElo "1335"]
[Opening "QGD: Tarrasch, Prague variation"]
[ECO "D33"]
[NIC "TD.12"]
[Time "20:06:45"]
[TimeControl "180+0"]

1. d4 e6 2. Nf3 c5 3. c4 Nf6 4. Nc3 d5 5. cxd5 exd5 6. g3 Nc6 7. Bg2 cxd4 8.
Nxd4 Nxd4 9. Qxd4 Be6 10. O-O h6 11. Rd1 Be7 12. Nxd5 Bxd5 13. Bxd5 Nxd5 14.
Qxd5 Qxd5 15. Rxd5 O-O 16. Be3 a6 17. Rad1 Rfd8 18. Rxd8+ Rxd8 19. Rxd8+
Bxd8 20. Bd4 g5 21. e4 Kf8 22. Kf1 Ke7 23. Ke2 Ke6 24. Kd3 b6 25. g4 Kd6 26.
Bg7 Ke6 27. Bxh6 Bf6 28. b3 Kd7 29. f4 Ke8 30. Bxg5 Bxg5 31. fxg5 Ke7 32.
Kd4 f6 33. gxf6+ Kxf6 34. h4 Kg6 35. Kd5 Kh6 36. Kd6 b5 37. e5 a5 38. e6
{Black resigns}
1-0

[Event "ICCopen2016"]
[Site "Internet Chess Club"]
[Date "2016.06.03"]
[Round "7"]
[White "lion100"]
[Black "Tyrel"]
[Result "0-1"]
[ICCResult "White resigns"]
[WhiteElo "1391"]
[BlackElo "1963"]
[Opening "Scandinavian defense"]
[ECO "B01"]
[NIC "SD.03"]
[Time "20:06:47"]
[TimeControl "180+0"]

1. e4 d5 2. exd5 Nf6 3. d4 Qxd5 4. c4 Qe4+ 5. Be3 e5 6. Nf3 Bb4+ 7. Nc3 exd4
8. Nxd4 O-O 9. Bd3 Qh4 10. O-O Ng4 11. h3 Nxe3 12. fxe3 Qg5 13. Ne4 Qxe3+
14. Kh1 Qxd4 15. Qg4 Bxg4 {White resigns} 0-1

[Event "ICCopen2016"]
[Site "Internet Chess Club"]
[Date "2016.06.03"]
[Round "7"]
[White "DEHO"]
[Black "olimpus"]
[Result "1-0"]
[ICCResult "Black resigns"]
[WhiteElo "2235"]
[BlackElo "2676"]
[Opening "Robatsch (modern) defense"]
[ECO "A40"]
[NIC "KF.05"]
[Time "20:05:56"]
[TimeControl "180+0"]

1. d4 g6 2. e4 Bg7 3. Nc3 d6 4. Be3 Nd7 5. Qd2 e5 6. Nf3 Ne7 7. Bh6 O-O 8.
h4 exd4 9. Nxd4 Nf6 10. O-O-O a6 11. f3 b5 12. h5 c5 13. Nde2 Qa5 14. Bxg7
Kxg7 15. h6+ Kh8 16. Qxd6 Neg8 17. Qxc5 Be6 18. a3 Rac8 19. Qb4 Qc7 20. Nd4
Rfd8 21. Be2 Qf4+ 22. Kb1 Bc4 23. Qa5 Rd6 24. Bxc4 Rxc4 25. Nde2 Qe5 26. f4
Rxd1+ 27. Rxd1 Qe6 28. e5 Ng4 29. Rd8 Nxh6 30. Rd6 Qc8 31. Rxa6 Qxa6 32.
Qxa6 Rc5 33. Qb6 Rc8 34. Nxb5 Nf5 35. Nd6 Nxd6 36. exd6 Nf6 37. Nc3 Kg7 38.
Qd4 Rc6 39. Ne4 {Black resigns} 1-0

[Event "ICCopen2016"]
[Site "Internet Chess Club"]
[Date "2016.06.03"]
[Round "7"]
[White "manneredmonkey"]
[Black "chessrex"]
[Result "0-1"]
[ICCResult "White resigns"]
[WhiteElo "1623"]
[BlackElo "1895"]
[Opening "Réti: Herrström gambit"]
[ECO "A04"]
[NIC "QP.11"]
[Time "20:06:40"]
[TimeControl "180+0"]

1. Nf3 g5 2. Nxg5 e5 3. d3 h6 4. Nf3 Nc6 5. e4 Nf6 6. g3 d6 7. Bg2 Be6 8. h3
Qd7 9. Nc3 O-O-O 10. Ne2 d5 11. exd5 Nxd5 12. Bd2 f5 13. Nc3 Bg7 14. Qe2
Rhe8 15. O-O-O Nxc3 16. Bxc3 Bxa2 17. b3 Nd4 18. Bxd4 exd4 19. Qd2 Qb5 20.
Kb2 Bf8 21. Kxa2 Bb4 22. Qc1 Qa5+ 23. Kb1 Bc3 24. Qb2 Bxb2 25. Kxb2 Qc3+ 26.
Kb1 Re2 27. Rhe1 Qxc2+ {White resigns} 0-1

[Event "ICCopen2016"]
[Site "Internet Chess Club"]
[Date "2016.06.03"]
[Round "7"]
[White "ARMCOMPOSER"]
[Black "SurferRosa"]
[Result "1-0"]
[ICCResult "Black resigns"]
[WhiteElo "3076"]
[BlackElo "2456"]
[Opening "French: Burn variation"]
[ECO "C11"]
[NIC "FR.05"]
[Time "20:06:05"]
[TimeControl "180+0"]

1. e4 e6 2. d4 d5 3. Nc3 Nf6 4. Bg5 dxe4 5. Nxe4 Be7 6. Nxf6+ Bxf6 7. Bxf6
Qxf6 8. c3 O-O 9. Qf3 Qxf3 10. Nxf3 b6 11. Ne5 Bb7 12. f3 Rd8 13. O-O-O Nd7
14. Bb5 Nxe5 15. dxe5 Kf8 16. h4 h5 17. Rxd8+ Rxd8 18. Rd1 Rxd1+ 19. Kxd1
Ke7 20. Ke2 c5 21. Ke3 g6 22. g4 hxg4 23. fxg4 Kf8 24. Kf4 Kg7 25. Kg5 Bd5
26. a3 Bf3 27. h5 gxh5 28. gxh5 Be4 29. h6+ Kf8 30. Kf6 Bg6 31. Be2 a5 32.
Bg4 Bh7 33. Bh5 Bg8 34. Bxf7 {Black resigns} 1-0

[Event "ICCopen2016"]
[Site "Internet Chess Club"]
[Date "2016.06.03"]
[Round "7"]
[White "fearlessone"]
[Black "kvicc"]
[Result "0-1"]
[ICCResult "White resigns"]
[WhiteElo "1670"]
[BlackElo "2201"]
[Opening "Van't Kruijs opening"]
[ECO "A00"]
[Time "20:06:17"]
[TimeControl "180+0"]

1. e3 c5 2. Ne2 Nc6 3. d3 d5 4. Nd2 g6 5. g3 Bg7 6. Bg2 e6 7. O-O Nge7 8. a3
Qb6 9. Rb1 O-O 10. b3 Qc7 11. Nf3 b6 12. Re1 Ba6 13. Bb2 c4 14. Bxg7 Kxg7
15. b4 cxd3 16. cxd3 Ne5 17. Rc1 Nxf3+ 18. Bxf3 Qd7 19. Qd2 Rac8 20. Qb2+
Kg8 21. Rxc8 Rxc8 22. Rc1 Bxd3 23. Rxc8+ Qxc8 24. Nf4 Bb5 25. Qf6 Nf5 26.
Nxd5 exd5 27. Bxd5 Qf8 28. Qe5 Qe7 29. Bxf7+ Qxf7 30. Qxb5 Qb3 31. Qe8+ Kg7
32. Qd7+ Kh6 33. e4 Qb1+ 34. Kg2 Qxe4+ 35. Kh3 Qe7 36. Qd2+ Qg5 37. Qd8 Qxd8
{White resigns}
0-1

[Event "ICCopen2016"]
[Site "Internet Chess Club"]
[Date "2016.06.03"]
[Round "7"]
[White "Capitalist"]
[Black "orangeC"]
[Result "1/2-1/2"]
[ICCResult "Game drawn by mutual agreement"]
[WhiteElo "1339"]
[BlackElo "1618"]
[Opening "Robatsch (modern) defense"]
[ECO "B06"]
[NIC "KF.06"]
[Time "20:06:32"]
[TimeControl "180+0"]

1. e4 g6 2. Bc4 c6 3. Nc3 d5 4. exd5 b5 5. Bb3 b4 6. Ne4 cxd5 7. Ng3 Bg7 8.
d4 Nf6 9. N1e2 O-O 10. O-O a5 11. a4 Ba6 12. Re1 Nbd7 13. Nf4 e6 14. h3 Nb6
15. Nd3 Bc4 16. Nc5 Bxb3 17. cxb3 Nbd7 18. Nxd7 Qxd7 19. Bg5 Rfc8 20. Rc1
Rxc1 21. Qxc1 Rc8 22. Qd2 Qc6 23. Rc1 Qxc1+ 24. Qxc1 Rxc1+ 25. Bxc1 Nd7 26.
Be3 Nb8 27. Ne2 Nc6 28. Kf1 Kf8 29. Ke1 Ke7 30. Kd2 Kd6 31. f4 f5 32. Kd3
Nd8 33. Ng1 Kc6 34. Nf3 Bf6 35. g4 Nb7 36. g5 Bg7 37. Nd2 Nd6 38. Bf2 Ne4
39. Nxe4 fxe4+ 40. Ke3 h6 41. h4 hxg5 42. hxg5 Bf8 43. Be1 Be7 44. Bd2 Bd8
45. Kf2 {Game drawn by mutual agreement} 1/2-1/2

[Event "ICCopen2016"]
[Site "Internet Chess Club"]
[Date "2016.06.03"]
[Round "7"]
[White "B-Amin"]
[Black "carpenter"]
[Result "1-0"]
[ICCResult "Black resigns"]
[WhiteElo "2860"]
[BlackElo "2221"]
[Opening "Ruy Lopez: Schliemann defense"]
[ECO "C63"]
[NIC "RL.06"]
[Time "20:06:34"]
[TimeControl "180+0"]

1. e4 e5 2. Nf3 Nc6 3. Bb5 f5 4. d3 Nf6 5. O-O fxe4 6. dxe4 d6 7. Nc3 Bd7 8.
Qd3 h6 9. Nh4 g5 10. Ng6 Rg8 11. Nxf8 Kxf8 12. Bc4 Rg7 13. Nd5 Nxd5 14. Qxd5
Rb8 15. f4 gxf4 16. Bxf4 exf4 17. Rxf4+ Ke8 18. Qh5+ {Black resigns} 1-0

[Event "ICCopen2016"]
[Site "Internet Chess Club"]
[Date "2016.06.03"]
[Round "7"]
[White "boveymvp"]
[Black "zelog"]
[Result "0-1"]
[ICCResult "White resigns"]
[WhiteElo "1634"]
[BlackElo "2174"]
[Opening "French: Winawer (Nimzovich) variation"]
[ECO "C15"]
[NIC "FR.08"]
[Time "20:06:10"]
[TimeControl "180+0"]

1. e4 e6 2. d4 d5 3. Nc3 Bb4 4. exd5 exd5 5. Nf3 Ne7 6. Bd3 Bf5 7. O-O Qd7
8. Qe2 Nc6 9. h3 O-O-O 10. Bf4 f6 11. Nb5 Bxd3 12. cxd3 Ba5 13. Rac1 g5 14.
Bh2 g4 15. hxg4 Qxg4 16. Qe3 Rhg8 17. Bg3 Nf5 18. Qf4 Nxg3 19. fxg3 Qxg3 20.
Qxg3 Rxg3 21. a3 Rdg8 22. Rf2 Bb6 23. Re1 a6 24. Nc3 Nxd4 25. Kf1 Nxf3 26.
Rxf3 Rxg2 27. Nxd5 Rg1+ 28. Ke2 Re8+ 29. Kd2 Rgxe1 30. Rxf6 R8e2+ 31. Kc3
Rc1+ 32. Kb3 Bd4 33. Rf8+ Kd7 34. Nc3 Bxc3 35. bxc3 Rec2 36. Rf7+ Kd6 37.
Rxh7 Rxc3+ 38. Kb2 R1c2+ 39. Kb1 Rg2 40. Rh6+ Kc5 41. Rh5+ Kb6 42. Rh6+ c6
43. Rh3 Rxa3 44. d4 Rxh3 {White resigns} 0-1

[Event "ICCopen2016"]
[Site "Internet Chess Club"]
[Date "2016.06.03"]
[Round "7"]
[White "FlashGordon"]
[Black "chessdad"]
[Result "0-1"]
[ICCResult "White resigns"]
[WhiteElo "1423"]
[BlackElo "1241"]
[Opening "Sicilian: dragon, Yugoslav attack, 7...O-O"]
[ECO "B76"]
[NIC "SI.17"]
[Time "20:05:57"]
[TimeControl "180+0"]

1. e4 c5 2. Nf3 d6 3. d4 cxd4 4. Nxd4 g6 5. Nc3 Bg7 6. Be3 Nf6 7. f3 O-O 8.
Qd2 Re8 9. Be2 Nc6 10. Nb3 a6 11. g4 b5 12. h4 b4 13. Nd5 Nxd5 14. exd5 Bxb2
15. Rb1 Bc3 16. dxc6 Bxd2+ 17. Bxd2 Qb6 18. Nc1 Qxc6 19. Bxb4 Qxc2 20. Bd3
Qg2 21. Rf1 Qg3+ 22. Rf2 Qxh4 23. Ke2 Qf6 24. Nb3 Qe5+ 25. Kf1 Bb7 26. Na5
Rab8 27. Nc4 Qg3 28. Bc3 Bxf3 29. Ne3 Rxb1+ 30. Bxb1 Bxg4 31. Nxg4 Qxg4 32.
Bd3 Qd1+ 33. Kg2 Qxd3 {White resigns} 0-1

[Event "ICCopen2016"]
[Site "Internet Chess Club"]
[Date "2016.06.03"]
[Round "7"]
[White "panom"]
[Black "josper05"]
[Result "1/2-1/2"]
[ICCResult "Game drawn because neither player has mating material"]
[WhiteElo "1613"]
[BlackElo "1482"]
[Opening "Sicilian: dragon, Yugoslav attack, Rauser variation"]
[ECO "B76"]
[NIC "SI.17"]
[Time "20:06:21"]
[TimeControl "180+0"]

1. e4 c5 2. Nf3 d6 3. d4 cxd4 4. Nxd4 Nf6 5. Nc3 g6 6. Be3 Bg7 7. f3 O-O 8.
Qd2 Nc6 9. O-O-O d5 10. Kb1 Nxd4 11. e5 Nf5 12. exf6 Bxf6 13. Nxd5 Qxd5 14.
Qxd5 Nxe3 15. Qd3 Nxd1 16. Qxd1 Bf5 17. Bc4 Rfd8 18. Bb3 a5 19. Qe2 a4 20.
Bc4 Rac8 21. g4 b5 22. gxf5 Rxc4 23. fxg6 hxg6 24. h4 Rdc8 25. h5 Rxc2 26.
Qxc2 Rxc2 27. Kxc2 Kg7 28. hxg6 Kxg6 29. b3 axb3+ 30. Kxb3 Kf5 31. Kb4 Kf4
32. Rf1 Ke3 33. f4 Bd4 34. f5 Ke2 35. Rh1 e5 36. fxe6 fxe6 37. Kxb5 e5 38.
Rh4 Kd3 39. a4 e4 40. a5 e3 41. a6 e2 42. Rh1 Kd2 43. Kc4 Bf2 44. Kd5 e1=Q
45. Rxe1 Kxe1 46. Kc6 Kd2 47. Kb7 Kc3 48. a7 Bxa7
{Game drawn because neither player has mating material}
1/2-1/2

[Event "ICCopen2016"]
[Site "Internet Chess Club"]
[Date "2016.06.03"]
[Round "7"]
[White "Rayconniff"]
[Black "inoahlot"]
[Result "1-0"]
[ICCResult "Black resigns"]
[WhiteElo "1658"]
[BlackElo "1319"]
[Opening "French: Steinitz attack"]
[ECO "C00"]
[NIC "FR.01"]
[Time "20:06:23"]
[TimeControl "180+0"]

1. e4 e6 2. e5 d6 3. exd6 Bxd6 4. d4 Bd7 5. Nc3 Qe7 6. Nf3 Nc6 7. Bd3 Nf6 8.
Qe2 a6 9. Bg5 h6 10. Bxf6 Qxf6 11. Ne4 Qe7 12. Nxd6+ cxd6 13. c3 d5 14. O-O
g5 15. Rfe1 g4 16. Ne5 Nxe5 17. Qxe5 f6 18. Qc7 Kf7 19. Qf4 h5 20. Re2 Rag8
21. Rae1 h4 22. Qc7 Rc8 23. Qxb7 Bc6 24. Qxe7+ Kxe7 25. Rxe6+ Kf7 26. Re7+
Kf8 27. Ra7 Bb5 28. Bf5 Re8 29. Rxe8+ Bxe8 30. Bxg4 Rg8 31. h3 Bf7 32. Rxa6
Kg7 33. Ra7 Re8 34. Bh5 Rf8 35. Rxf7+ Rxf7 36. Bxf7 Kxf7 37. a4 Ke7 38. Kf1
Kd6 39. Ke2 Kc6 40. Ke3 Kb6 41. Kf4 {Black resigns} 1-0

[Event "ICCopen2016"]
[Site "Internet Chess Club"]
[Date "2016.06.03"]
[Round "7"]
[White "Peretyatko"]
[Black "HawkKing"]
[Result "1-0"]
[ICCResult "Black resigns"]
[WhiteElo "2772"]
[BlackElo "2284"]
[Opening "Mieses opening"]
[ECO "A00"]
[NIC "VO.13"]
[Time "20:06:43"]
[TimeControl "180+0"]

1. d3 d5 2. g3 e6 3. e4 Nf6 4. Bg2 dxe4 5. dxe4 Qxd1+ 6. Kxd1 Bc5 7. f3 e5
8. Bh3 Bxh3 9. Nxh3 Ke7 10. c3 Rd8+ 11. Ke2 Nc6 12. Nd2 b5 13. Nf2 Bxf2 14.
Kxf2 Rd3 15. Ke2 Rad8 16. Nb3 h6 17. Be3 g5 18. g4 a5 19. Nc5 R3d6 20. Nb7
Ke6 21. Nxd8+ Rxd8 22. h4 b4 23. hxg5 bxc3 24. bxc3 {Black resigns} 1-0

[Event "ICCopen2016"]
[Site "Internet Chess Club"]
[Date "2016.06.03"]
[Round "7"]
[White "TrendFriend"]
[Black "eltigrecu"]
[Result "1-0"]
[ICCResult "Black checkmated"]
[WhiteElo "2474"]
[BlackElo "2107"]
[Opening "Sicilian defense"]
[ECO "B30"]
[NIC "SI.31"]
[Time "20:06:12"]
[TimeControl "180+0"]

1. e4 c5 2. Nf3 Nc6 3. Nc3 e5 4. Bc4 d6 5. O-O Be7 6. d3 Nf6 7. Ng5 O-O 8.
f4 Bg4 9. Qd2 h6 10. Nf3 Bxf3 11. Rxf3 Nd4 12. Rf1 exf4 13. Rxf4 Nd7 14. Rf1
Bg5 15. Qd1 Bxc1 16. Rxc1 Ne5 17. Bd5 Rb8 18. Kh1 b5 19. Ne2 Ne6 20. Nf4
Nxf4 21. Rxf4 Qg5 22. Qf1 Kh8 23. Re1 f6 24. Re3 Ng6 25. Rff3 Ne5 26. Rg3
Qh4 27. Rh3 Qg5 28. Reg3 Qd2 29. c3 Qxb2 30. Qe1 b4 31. d4 cxd4 32. cxd4
Qxd4 33. Qc1 Rfc8 34. Rxh6+ gxh6 35. Qxh6# {Black checkmated} 1-0

[Event "ICCopen2016"]
[Site "Internet Chess Club"]
[Date "2016.06.03"]
[Round "7"]
[White "fviana"]
[Black "catman"]
[Result "1-0"]
[ICCResult "Black resigns"]
[WhiteElo "2173"]
[BlackElo "1764"]
[Opening "French: Two knights variation"]
[ECO "C00"]
[NIC "FR.01"]
[Time "20:06:23"]
[TimeControl "180+0"]

1. e4 e6 2. Nf3 d5 3. Nc3 Nf6 4. exd5 exd5 5. d4 Bd6 6. Bd3 c6 7. O-O O-O 8.
h3 h6 9. Re1 Nbd7 10. Ne2 Re8 11. Bf4 Bxf4 12. Nxf4 Nf8 13. c3 Ne6 14. Qd2
Nxf4 15. Qxf4 Be6 16. Ne5 Nd7 17. Re3 Nxe5 18. Rxe5 Bd7 19. Rae1 Rxe5 20.
Qxe5 Qe8 21. f4 Qxe5 22. fxe5 Re8 23. Kf2 Be6 24. g4 g6 25. Kg3 Kg7 26. h4
g5 27. Rf1 Bd7 28. Rf6 Re6 29. Bf5 Rxf6 30. exf6+ Kxf6 31. Bxd7 Ke7 32. Bf5
f6 33. hxg5 hxg5 34. Kf3 Kd6 35. Ke3 b6 36. Kd3 c5 37. c4 dxc4+ 38. Kxc4
cxd4 39. Kxd4 {Black resigns} 1-0

[Event "ICCopen2016"]
[Site "Internet Chess Club"]
[Date "2016.06.03"]
[Round "7"]
[White "daviv52"]
[Black "misterNobody"]
[Result "1-0"]
[ICCResult "Black resigns"]
[WhiteElo "2088"]
[BlackElo "1637"]
[Opening "St. George (Baker) defense"]
[ECO "B00"]
[NIC "VO.17"]
[Time "20:07:03"]
[TimeControl "180+0"]

1. e4 a6 2. d4 d6 3. c4 h6 4. Nc3 Nd7 5. f4 g6 6. Nf3 Bg7 7. Be2 b6 8. Be3
Bb7 9. O-O Ngf6 10. e5 Ng4 11. Qd2 Nxe3 12. Qxe3 e6 13. Kh1 O-O 14. Rae1 d5
15. cxd5 exd5 16. f5 gxf5 17. Qf4 f6 18. e6 Nb8 19. Bd3 Qd6 20. Qxd6 cxd6
21. Nh4 Nc6 22. Nxf5 Rfe8 23. Rf3 Kf8 24. Nxd6 Nxd4 25. Nxb7 Nxf3 26. gxf3
Ke7 27. Nxd5+ Kf8 28. e7+ Kf7 29. Nd6+ Kg8 30. Nxe8 Rxe8 31. Nc7 {Black
resigns} 1-0

[Event "ICCopen2016"]
[Site "Internet Chess Club"]
[Date "2016.06.03"]
[Round "7"]
[White "hipopotamos"]
[Black "edwspin"]
[Result "0-1"]
[ICCResult "White checkmated"]
[WhiteElo "1056"]
[BlackElo "1582"]
[Opening "French defense"]
[ECO "C01"]
[NIC "FR.01"]
[Time "20:06:22"]
[TimeControl "180+0"]

1. e4 e6 2. d4 Ne7 3. Nf3 g6 4. Nc3 Bg7 5. Bc4 O-O 6. e5 h6 7. O-O Kh7 8.
Qd2 b6 9. Nh4 Bb7 10. Qe3 Nf5 11. Nxf5 exf5 12. Bd5 c6 13. Bc4 Qe7 14. f3 b5
15. Bb3 a5 16. a3 d6 17. exd6 Qxd6 18. Rd1 Nd7 19. f4 Nf6 20. Qe5 Qd7 21.
Re1 Ng4 22. Qe2 Rfe8 23. Qd2 Bxd4+ 24. Kf1 Nxh2# {White checkmated} 0-1

[Event "ICCopen2016"]
[Site "Internet Chess Club"]
[Date "2016.06.03"]
[Round "7"]
[White "Shafkat"]
[Black "VrloJakMK"]
[Result "0-1"]
[ICCResult "White resigns"]
[WhiteElo "1679"]
[BlackElo "2123"]
[Opening "French: advance, Paulsen attack"]
[ECO "C02"]
[NIC "FR.03"]
[Time "20:06:06"]
[TimeControl "180+0"]

1. e4 e6 2. d4 d5 3. e5 c5 4. c3 Nc6 5. Nf3 Qa5 6. a3 Qb6 7. Be2 a5 8. dxc5
Bxc5 9. O-O Bd7 10. Nbd2 a4 11. Rb1 Na5 12. b4 axb3 13. Nxb3 Nxb3 14. Qxb3
Qxb3 15. Rxb3 Bc6 16. Be3 Bxe3 17. fxe3 Ne7 18. Nd4 Ng6 19. Nxc6 bxc6 20. c4
Nxe5 21. cxd5 cxd5 22. Bb5+ Kf8 23. a4 g6 24. Rc1 Kg7 25. Rc7 Rhb8 26. Kf2
h5 27. h3 h4 28. Ke2 Kf6 29. Kd2 g5 30. Kc3 Rc8 31. Rxc8 Rxc8+ 32. Kd2 Ra8
33. Kc3 Ke7 34. Kb4 Kd6 35. Ka3 f5 36. Kb2 Kc5 37. Rc3+ Nc4+ 38. Bxc4 dxc4
39. Ka3 e5 40. Rc2 f4 41. exf4 exf4 42. Rf2 Kd4 43. Kb4 Rb8+ 44. Ka5 c3 45.
Ka6 Kd3 46. a5 c2 47. Rf1 Ke2 48. Rc1 Kd2 49. Ra1 c1=Q 50. Rxc1 Kxc1 51. Ka7
Rb2 52. a6 Rxg2 53. Kb7 Ra2 54. a7 Rxa7+ 55. Kxa7 f3 {White resigns} 0-1

[Event "ICCopen2016"]
[Site "Internet Chess Club"]
[Date "2016.06.03"]
[Round "7"]
[White "Elico"]
[Black "akibael"]
[Result "0-1"]
[ICCResult "White resigns"]
[WhiteElo "1812"]
[BlackElo "2266"]
[Opening "Sicilian: closed"]
[ECO "B23"]
[NIC "SI.44"]
[Time "20:06:54"]
[TimeControl "180+0"]

1. e4 c5 2. Nc3 e6 3. f4 d6 4. Bc4 Nf6 5. Nf3 d5 6. exd5 exd5 7. Bb3 Be7 8.
d3 O-O 9. O-O Nc6 10. a3 Bg4 11. h3 Bxf3 12. Qxf3 Nd4 13. Qd1 Nxb3 14. cxb3
Re8 15. Qf3 Bf8 16. Bd2 Qd7 17. Rae1 Rad8 18. Re5 Bd6 19. Rg5 h6 20. Rg3 Qf5
21. Nb5 Bb8 22. d4 Ne4 23. Bc3 Nxg3 24. Qxg3 a6 25. dxc5 Qg6 26. Qxg6 fxg6
27. Nd4 Re4 28. g3 Rde8 29. Kg2 Re3 30. b4 g5 31. fxg5 Rxg3+ 32. Kh1 Rxh3+
33. Kg2 Rg3+ 34. Kh1 Rxg5 35. Nf5 Re4 36. Rg1 Rxg1+ 37. Kxg1 Kf7 38. Kg2 Rf4
39. Ng3 d4 40. Be1 Rg4 41. Kf3 Rxg3+ 42. Bxg3 Bxg3 43. Kxg3 h5 {White
resigns} 0-1

[Event "ICCopen2016"]
[Site "Internet Chess Club"]
[Date "2016.06.03"]
[Round "7"]
[White "Chess64"]
[Black "flinkfinger"]
[Result "1/2-1/2"]
[ICCResult "Game drawn by repetition"]
[WhiteElo "1766"]
[BlackElo "2215"]
[Opening "Queen's pawn game"]
[ECO "A46"]
[NIC "QP.05"]
[Time "20:05:54"]
[TimeControl "180+0"]

1. d4 Nf6 2. Nf3 e6 3. Bf4 c5 4. e3 d5 5. c3 b6 6. Bd3 Bb7 7. O-O Be7 8. Ne5
O-O 9. Nd2 Nc6 10. Nxc6 Bxc6 11. h3 Bd6 12. Bxd6 Qxd6 13. Nf3 b5 14. Ne5 c4
15. Bc2 b4 16. f4 Rab8 17. f5 bxc3 18. bxc3 Rfe8 19. fxe6 Rxe6 20. g4 Rb2
21. g5 Ne4 22. Bxe4 dxe4 23. Qh5 g6 24. Qg4 Rxe5 25. dxe5 Qxe5 26. Qf4 Qxf4
27. Rxf4 Re2 28. Raf1 Bd5 29. Rd1 Be6 30. Rxe4 Rxa2 31. h4 Rc2 32. Rxe6 fxe6
33. Rd8+ Kg7 34. Rd7+ Kg8 35. Rxa7 Rxc3 36. Kf2 Rc1 37. Kf3 c3 38. Ke4 c2
39. Rc7 Kf8 40. Ke5 Re1 41. Rxc2 Rxe3+ 42. Kf6 Rf3+ 43. Kxe6 Rf4 44. Rc8+
Kg7 45. Rc7+ Kg8 46. Rc8+ Kg7 47. Rc7+ Kg8 48. Rc8+ Kg7 49. Rc7+ Kg8
{Game drawn by repetition}
1/2-1/2

[Event "ICCopen2016"]
[Site "Internet Chess Club"]
[Date "2016.06.03"]
[Round "7"]
[White "Nedwis"]
[Black "Vegita"]
[Result "1-0"]
[ICCResult "Black resigns"]
[WhiteElo "2899"]
[BlackElo "2306"]
[Opening "Robatsch (modern) defense"]
[ECO "B06"]
[NIC "KF.05"]
[Time "20:06:04"]
[TimeControl "180+0"]

1. e4 g6 2. d4 Bg7 3. Nc3 d6 4. Be3 a6 5. a4 Nf6 6. h3 O-O 7. Qd2 e5 8. Nf3
exd4 9. Nxd4 Re8 10. Bd3 Nc6 11. Nxc6 bxc6 12. O-O Rb8 13. b3 c5 14. f3 Bb7
15. Rad1 Nh5 16. Rfe1 Bd4 17. Bxd4 cxd4 18. Ne2 c5 19. Bc4 d5 20. exd5 Bxd5
21. Bxa6 Qh4 22. Kh2 Rxe2 23. Rxe2 Qg3+ 24. Kh1 Nf4 25. Qe1 Nxe2 26. Bxe2
Qf4 27. Qf2 Re8 28. a5 Re3 29. a6 Ba8 30. Rf1 g5 31. Bd3 h5 32. Kg1 h4 33.
a7 Kg7 34. Be4 {Black resigns} 1-0

[Event "ICCopen2016"]
[Site "Internet Chess Club"]
[Date "2016.06.03"]
[Round "7"]
[White "papko"]
[Black "Chapo2"]
[Result "0-1"]
[ICCResult "White resigns"]
[WhiteElo "1546"]
[BlackElo "2008"]
[Opening "French: Rubinstein variation"]
[ECO "C10"]
[NIC "FR.04"]
[Time "20:07:00"]
[TimeControl "180+0"]

1. e4 e6 2. Nc3 d5 3. d4 dxe4 4. f3 Nd7 5. Bc4 b6 6. Bf4 e3 7. Qe2 Bb7 8.
O-O-O Ngf6 9. Qxe3 Bd6 10. d5 e5 11. Bg5 O-O 12. Nge2 a6 13. h4 b5 14. Bd3
b4 15. Ne4 Nxd5 16. Qf2 f6 17. Bc4 Nb6 18. Bb3 Kh8 19. Nxd6 Qxd6 20. f4 a5
21. h5 a4 22. Bxd5 Bxd5 23. h6 g6 24. f5 fxg5 25. Ng3 Qf6 26. Qc5 Qd6 27.
fxg6 Qxc5 28. g7+ Kg8 29. gxf8=Q+ Rxf8 30. Nh5 Bxa2 31. Rhf1 Qe3+
{White resigns}
0-1

[Event "ICCopen2016"]
[Site "Internet Chess Club"]
[Date "2016.06.03"]
[Round "7"]
[White "faust"]
[Black "depressnyak"]
[Result "0-1"]
[ICCResult "White resigns"]
[WhiteElo "3223"]
[BlackElo "3234"]
[Opening "Caro-Kann: advance variation"]
[ECO "B12"]
[NIC "CK.04"]
[Time "20:06:42"]
[TimeControl "180+0"]

1. e4 c6 2. d4 d5 3. e5 Bf5 4. h4 c5 5. dxc5 Nc6 6. Bb5 Qa5+ 7. Nc3 a6 8.
Bxc6+ bxc6 9. Be3 Rb8 10. Qc1 e6 11. a3 Bxc5 12. b4 Bxe3 13. Qxe3 Rxb4 14.
Qa7 Re4+ 15. Kf1 Qxc3 16. Qb8+ Ke7 17. Qc7+ Ke8 18. Qb8+ Ke7 19. Nf3 Qxa1+
{White resigns}
0-1

[Event "ICCopen2016"]
[Site "Internet Chess Club"]
[Date "2016.06.03"]
[Round "7"]
[White "Mercury"]
[Black "Kastor"]
[Result "0-1"]
[ICCResult "White resigns"]
[WhiteElo "2343"]
[BlackElo "2852"]
[Opening "King's Indian: 6.Be2"]
[ECO "E91"]
[NIC "KI.19"]
[Time "20:05:51"]
[TimeControl "180+0"]

1. Nf3 Nf6 2. c4 g6 3. Nc3 Bg7 4. e4 d6 5. d4 O-O 6. Be2 c5 7. O-O cxd4 8.
Nxd4 Nc6 9. Be3 Bd7 10. Qd2 Nxd4 11. Bxd4 Bc6 12. f3 a5 13. b3 Nd7 14. Be3
Nc5 15. Rab1 Qb6 16. Rfc1 Rfc8 17. Rc2 Qd8 18. Bf1 Be5 19. g3 e6 20. Bg2 Qe7
21. Rd1 Rd8 22. Kh1 f5 23. Bg5 Bf6 24. Bxf6 Qxf6 25. exf5 gxf5 26. Qe3 Rd7
27. Rcd2 Rad8 28. f4 Kh8 29. Rd4 h6 30. R4d2 Kg7 31. h3 Kh8 32. Kh2 Kh7 33.
Bf3 Kg7 34. Kg2 h5 35. Bxc6 bxc6 36. Qf3 d5 37. Rc2 d4 38. Nb1 Ne4 39. Qxh5
d3 40. Rcc1 Qb2+ 41. Kg1 Qf2+ {White resigns} 0-1